PBL
MINNESOTA TWINS @ CHICAGO WHITE SOX
09/20/2052
 
TOP OF THE 1ST
Minnesota Twins batting - Pitching for Chicago White Sox : RHP Ronnie Weareorwear
Pitching: RHP Ronnie Weareorwear
Batting: LHB Joe Aitcheson 0-0: Called Strike
0-1: Called Strike
0-2: Ball
1-2: Ball
2-2: Strikes out swinging
Batting: RHB Edgar Martínez 0-0: Ball
1-0: Ball
2-0: Called Strike
2-1: Foul Ball, location: 2F
2-2: Ground out 5-3 (Groundball, 5, EV 86.9 MPH)
Batting: RHB Josuke Eida 0-0: Called Strike
0-1: Foul Ball, location: 2F
0-2: Strikes out looking
Top of the 1st over - 0 runs, 0 hits, 0 errors, 0 left on base; Minnesota 0 - Chicago 0
BOTTOM OF THE 1ST
Chicago White Sox batting - Pitching for Minnesota Twins : LHP Fraser Slater
Pitching: LHP Fraser Slater
Batting: RHB Wilfred Vásquez 0-0: Called Strike
0-1: Called Strike
0-2: Hit by Pitch
Batting: RHB Lee Peterson 0-0: DOUBLE (Groundball, 5L, EV 103.1 MPH)
Wilfred Vásquez to third
Batting: RHB Steve Guindon 0-0: Ball
1-0: Ball
2-0: Foul Ball, location: 2F
2-1: Foul Ball, location: 2F
2-2: SINGLE (Line Drive, 8RS, EV 106.3 MPH)
Wilfred Vásquez scores
Lee Peterson to third
Batting: RHB Jin-song Xiu 0-0: Ball
1-0: Fly out, F9 (Flyball, 89M, EV 89.4 MPH)
Runner from 3rd tags up, OUT at HOME! 9-2
Steve Guindon to second
Batting: LHB Harry Casz 0-0: Fly out, F7 (Flyball, 7, EV 72.5 MPH)
Bottom of the 1st over - 1 run, 2 hits, 0 errors, 1 left on base; Minnesota 0 - Chicago 1
TOP OF THE 2ND
Minnesota Twins batting - Pitching for Chicago White Sox : RHP Ronnie Weareorwear
Batting: RHB Guilhem Ciaravella 0-0: Foul Ball, location: 2F
0-1: SINGLE (Groundball, 56D, EV 101.9 MPH)
Batting: LHB Héctor Trejo 0-0: Ball
1-0: Swinging Strike
1-1: Foul Ball, location: 2F
1-2: Strikes out swinging
Batting: RHB Ronnie Sanagorski 0-0: Foul Ball, location: 2F
0-1: Fly out, F8 (Line Drive, 8RM, EV 101.9 MPH)
Batting: SHB Norman Fuller 0-0: Called Strike
0-1: Ball
1-1: Ball
2-1: SINGLE (Groundball, 4MD, EV 99.4 MPH)
Guilhem Ciaravella to second
Batting: RHB Rafael Díaz 0-0: Ball
1-0: Foul Ball, location: 2F
1-1: SINGLE (Groundball, 56D, EV 95.0 MPH)
Guilhem Ciaravella to third
Norman Fuller to second
Batting: RHB Cody Holland 0-0: Ball
1-0: Foul Ball, location: 2F
1-1: Ball
2-1: Fly out, F4 (Flyball, 4D, EV 93.8 MPH)
Top of the 2nd over - 0 runs, 3 hits, 0 errors, 3 left on base; Minnesota 0 - Chicago 1
BOTTOM OF THE 2ND
Chicago White Sox batting - Pitching for Minnesota Twins : LHP Fraser Slater
Batting: RHB Fernando González 0-0: Ball
1-0: Ball
2-0: DOUBLE (Line Drive, 89M, EV 94.4 MPH)
Batting: LHB Iván Otero 0-0: Ball
1-0: Ball
2-0: Called Strike
2-1: Ball
3-1: Base on Balls
Batting: RHB Luis Villa 0-0: Ball
1-0: Ball
2-0: Foul Ball, location: 2F
2-1: Ball
3-1: Called Strike
3-2: Fly out, F9 (Flyball, 89D, EV 105.6 MPH)
Runner from 2nd tags up, SAFE at 3rd, no throw by RF
Batting: RHB Freddy Rodríguez 0-0: Called Strike
0-1: Called Strike
0-2: Ground out 6-3 (Groundball, 4MS, EV 80.0 MPH)
Fernando González scores
Iván Otero to second
Batting: RHB Wilfred Vásquez 0-0: Foul Ball, location: 2F
0-1: SINGLE (Groundball, 56, EV 108.8 MPH) (infield hit)
Iván Otero to third
Batting: RHB Lee Peterson 0-0: Ball
1-0: Fly out, F7 (Flyball, 78D, EV 106.9 MPH)
Bottom of the 2nd over - 1 run, 2 hits, 0 errors, 2 left on base; Minnesota 0 - Chicago 2
TOP OF THE 3RD
Minnesota Twins batting - Pitching for Chicago White Sox : RHP Ronnie Weareorwear
Batting: LHB Joe Aitcheson 0-0: Ball
1-0: SINGLE (Groundball, 5L, EV 108.8 MPH)
Batting: RHB Edgar Martínez 0-0: Swinging Strike
0-1: Ball
1-1: Ball
2-1: Foul Ball, location: 2F
2-2: Ball
3-2: SINGLE (Groundball, 6MD, EV 105.6 MPH)
Joe Aitcheson to second
Joe Aitcheson to third
Batting: RHB Josuke Eida 0-0: Ball
1-0: Grounds into double play, 4-6-3 (Groundball, 4, EV 91.3 MPH)
Joe Aitcheson scores
Batting: RHB Guilhem Ciaravella 0-0: Ball
1-0: Called Strike
1-1: Foul Ball, location: 2F
1-2: Fly out, F8 (Flyball, 8LD, EV 83.8 MPH)
Top of the 3rd over - 1 run, 2 hits, 0 errors, 0 left on base; Minnesota 1 - Chicago 2
BOTTOM OF THE 3RD
Chicago White Sox batting - Pitching for Minnesota Twins : LHP Fraser Slater
Batting: RHB Steve Guindon 0-0: Called Strike
0-1: Ball
1-1: Ball
2-1: Fly out, F7 (Flyball, 7S, EV 83.8 MPH)
Batting: RHB Jin-song Xiu 0-0: Ball
1-0: Ball
2-0: DOUBLE (Line Drive, 89D, EV 111.9 MPH)
Batting: LHB Harry Casz 0-0: SINGLE (Line Drive, 9S, EV 93.8 MPH)
Jin-song Xiu to third
Runner from 3rd tries for Home, SAFE, no throw by RF
Batting: RHB Fernando González 0-0: Called Strike
0-1: Ground out 6-3 (Groundball, 4MS, EV 80.6 MPH)
Harry Casz to second
Batting: LHB Iván Otero 0-0: Called Strike
0-1: Ball
1-1: Foul Ball, location: 2F
1-2: Ball
2-2: Ball
3-2: Strikes out swinging
Bottom of the 3rd over - 1 run, 2 hits, 0 errors, 1 left on base; Minnesota 1 - Chicago 3
TOP OF THE 4TH
Minnesota Twins batting - Pitching for Chicago White Sox : RHP Ronnie Weareorwear
Batting: LHB Héctor Trejo 0-0: Ball
1-0: Ball
2-0: SINGLE (Flyball, 7S, EV 83.8 MPH)
Batting: RHB Ronnie Sanagorski 0-0: Ball
1-0: SINGLE (Line Drive, 89S, EV 95.6 MPH)
Héctor Trejo to second
Batting: SHB Norman Fuller 0-0: Ball
1-0: Ground out 4-3 (Groundball, 34D, EV 111.9 MPH)
Héctor Trejo to third
Ronnie Sanagorski to second
Batting: RHB Rafael Díaz 0-0: Called Strike
0-1: Swinging Strike
0-2: Ball
1-2: SINGLE (Line Drive, 9S, EV 90.0 MPH)
Héctor Trejo scores
Ronnie Sanagorski to third
Batting: RHB Cody Holland 0-0: Ball
1-0: Fly out, F9 (Flyball, 9LMF, EV 85.0 MPH)
Runner from 3rd tags up, SCORES, throw by RF
Batting: LHB Joe Aitcheson 0-0: Called Strike
0-1: SINGLE (Groundball, 4MD, EV 100.0 MPH)
Rafael Díaz to second
Runner from 2nd tries for 3rd, SAFE, no throw by CF
Batting: RHB Edgar Martínez 0-0: Fly out, F8 (Line Drive, 8LD, EV 93.1 MPH)
Top of the 4th over - 2 runs, 4 hits, 0 errors, 2 left on base; Minnesota 3 - Chicago 3
BOTTOM OF THE 4TH
Chicago White Sox batting - Pitching for Minnesota Twins : LHP Fraser Slater
Batting: RHB Luis Villa 0-0: Ball
1-0: Ground out 1-3 (Groundball, 13, EV 86.9 MPH)
Batting: RHB Freddy Rodríguez 0-0: Called Strike
0-1: Swinging Strike
0-2: Foul Ball, location: 2F
0-2: Ball
1-2: Foul Ball, location: 2F
1-2: Ball
2-2: Foul Ball, location: 2F
2-2: Strikes out swinging
Batting: RHB Wilfred Vásquez 0-0: Ball
1-0: SOLO HOME RUN (Flyball, 89XD, EV 91.3 MPH), Distance : 384 ft
Batting: RHB Lee Peterson 0-0: Ball
1-0: Ground out U3 (Groundball, 3, EV 88.1 MPH)
Bottom of the 4th over - 1 run, 1 hit, 0 errors, 0 left on base; Minnesota 3 - Chicago 4
TOP OF THE 5TH
Minnesota Twins batting - Pitching for Chicago White Sox : RHP Ronnie Weareorwear
Batting: RHB Josuke Eida 0-0: Ball
1-0: Ball
2-0: Ball
3-0: Called Strike
3-1: Ground out 1-3 (Groundball, 13, EV 93.8 MPH)
Batting: RHB Guilhem Ciaravella 0-0: Ball
1-0: SINGLE (Groundball, 56, EV 109.4 MPH)
Batting: LHB Héctor Trejo 0-0: Called Strike
0-1: Grounds into double play, 4-6-3 (Groundball, 34, EV 85.6 MPH)
Top of the 5th over - 0 runs, 1 hit, 0 errors, 0 left on base; Minnesota 3 - Chicago 4
BOTTOM OF THE 5TH
Chicago White Sox batting - Pitching for Minnesota Twins : LHP Fraser Slater
Batting: RHB Steve Guindon 0-0: Ball
1-0: Ball
2-0: Ball
3-0: Base on Balls
Batting: RHB Jin-song Xiu 0-0: Called Strike
0-1: Foul Ball, location: 2F
0-2: Ball
1-2: Strikes out swinging
Batting: LHB Harry Casz 0-0: Called Strike
0-1: Ball
1-1: Ball
2-1: Ball
3-1: Called Strike
3-2: Foul Ball, location: 2F
3-2: SINGLE (Groundball, 34D, EV 105.6 MPH)
Steve Guindon to second
Runner from 2nd tries for 3rd, SAFE, throw by RF made to third
Batting: RHB Fernando González 0-0: Called Strike
0-1: Called Strike
0-2: Ball
1-2: DOUBLE (Flyball, 8RXD, EV 95.0 MPH)
Steve Guindon scores
Harry Casz to third
Pitching: RHP William Simon
Batting: LHB Iván Otero 0-0: Ground out 4-3 (Groundball, 4, EV 91.3 MPH)
Harry Casz scores
Fernando González to third
Batting: RHB Luis Villa 0-0: Ball
1-0: Foul Ball, location: 2F
1-1: Called Strike
1-2: Strikes out swinging
Bottom of the 5th over - 2 runs, 2 hits, 0 errors, 1 left on base; Minnesota 3 - Chicago 6
TOP OF THE 6TH
Minnesota Twins batting - Pitching for Chicago White Sox : RHP Ronnie Weareorwear
Batting: RHB Ronnie Sanagorski 0-0: Ground out 1-3 (Groundball, 34S, EV 71.3 MPH)
Batting: SHB Norman Fuller 0-0: Foul Ball, location: 2F
0-1: Ball
1-1: Ball
2-1: Fly out, F6 (Popup, 6M, EV 63.1 MPH)
Batting: RHB Rafael Díaz 0-0: Ball
1-0: Called Strike
1-1: Ball
2-1: Foul Ball, location: 2F
2-2: Foul Ball, location: 2F
2-2: Ball
3-2: Foul Ball, location: 2F
3-2: Base on Balls
Batting: RHB Cody Holland 0-0: Ball
1-0: Foul Ball, location: 2F
1-1: Ball
2-1: SINGLE (Groundball, 34D, EV 108.8 MPH)
Rafael Díaz to second
Runner from 2nd tries for 3rd, SAFE, throw by RF made to third
Batting: LHB Joe Aitcheson 0-0: Fly out, F7 (Flyball, 7S, EV 89.4 MPH)
Top of the 6th over - 0 runs, 1 hit, 0 errors, 2 left on base; Minnesota 3 - Chicago 6
BOTTOM OF THE 6TH
Chicago White Sox batting - Pitching for Minnesota Twins : RHP William Simon
Batting: RHB Freddy Rodríguez 0-0: Ball
1-0: Ball
2-0: Called Strike
2-1: Swinging Strike
2-2: Strikes out swinging
Batting: RHB Wilfred Vásquez 0-0: Ball
1-0: Called Strike
1-1: Swinging Strike
1-2: Foul Ball, location: 2F
1-2: Foul Ball, location: 2F
1-2: Ball
2-2: Ball
3-2: Strikes out swinging
Batting: RHB Lee Peterson 0-0: Ball
1-0: Swinging Strike
1-1: Ground out U3 (Groundball, 3, EV 76.9 MPH)
Bottom of the 6th over - 0 runs, 0 hits, 0 errors, 0 left on base; Minnesota 3 - Chicago 6
TOP OF THE 7TH
Minnesota Twins batting - Pitching for Chicago White Sox : RHP Ronnie Weareorwear
Pitching: LHP Cristián Sánchez
Batting: RHB Edgar Martínez 0-0: Ball
1-0: Foul Ball, location: 2F
1-1: Ball
2-1: Ball
3-1: Called Strike
3-2: Foul Ball, location: 2F
3-2: Strikes out looking
Batting: RHB Josuke Eida 0-0: Ball
1-0: Foul Ball, location: 2F
1-1: Ball
2-1: Ball
3-1: Foul Ball, location: 2F
3-2: Foul Ball, location: 2F
3-2: Foul Ball, location: 2F
3-2: Fly out, F5 (Popup, 5L, EV 66.3 MPH)
Batting: RHB Guilhem Ciaravella 0-0: Ball
1-0: Called Strike
1-1: Ball
2-1: Ground out 1-3 (Groundball, P, EV 85.0 MPH)
Top of the 7th over - 0 runs, 0 hits, 0 errors, 0 left on base; Minnesota 3 - Chicago 6
BOTTOM OF THE 7TH
Chicago White Sox batting - Pitching for Minnesota Twins : RHP William Simon
Batting: RHB Steve Guindon 0-0: Swinging Strike
0-1: Called Strike
0-2: SINGLE (Line Drive, 8LS, EV 93.1 MPH)
Batting: RHB Jin-song Xiu 0-0: Ball
Pickoff Throw to First - Error! E1
Steve Guindon to second
1-0: Ball
2-0: Ground out 3-1 (Groundball, 34, EV 88.8 MPH)
Steve Guindon to third
Batting: LHB Harry Casz 0-0: Intentional Walk
Batting: RHB Fernando González 0-0: Called Strike
0-1: Called Strike
0-2: Ball
1-2: Strikes out looking
Batting: LHB Iván Otero 0-0: Ball
1-0: Called Strike
1-1: Foul Ball, location: 2F
1-2: Ball
2-2: Ball
3-2: Ground out 6-3 (Groundball, 6M, EV 104.4 MPH)
Bottom of the 7th over - 0 runs, 1 hit, 1 error, 2 left on base; Minnesota 3 - Chicago 6
TOP OF THE 8TH
Minnesota Twins batting - Pitching for Chicago White Sox : LHP Cristián Sánchez
Pitching: RHP Raúl Galló
Batting: LHB Héctor Trejo 0-0: Called Strike
0-1: Swinging Strike
0-2: Ball
1-2: Ball
2-2: Ball
3-2: SINGLE (Groundball, 3S, EV 73.8 MPH) (infield hit)
Batting: RHB Ronnie Sanagorski 0-0: Ball
1-0: Ball
2-0: Ball
Passed Ball!
Héctor Trejo to second
3-0: Base on Balls
Pitching: RHP Paco Martínez
Batting: SHB Norman Fuller 0-0: Called Strike
0-1: Swinging Strike
0-2: Ball
1-2: Strikes out looking
Batting: RHB Rafael Díaz 0-0: Swinging Strike
0-1: Ball
1-1: Swinging Strike
1-2: Strikes out swinging
Batting: RHB Cody Holland 0-0: Ball
1-0: Swinging Strike
1-1: Ball
2-1: Foul Ball, location: 2F
2-2: 3-RUN HOME RUN (Flyball, 78XD, EV 94.4 MPH), Distance : 415 ft
Batting: LHB Joe Aitcheson 0-0: SINGLE (Groundball, 56D, EV 100.0 MPH)
Batting: RHB Edgar Martínez 0-0: Ball
1-0: Ball
2-0: Called Strike
2-1: Ball
3-1: Base on Balls
Joe Aitcheson to second
Batting: RHB Josuke Eida 0-0: Ball
1-0: Ball
2-0: Ball
3-0: Called Strike
3-1: Foul Ball, location: 2F
3-2: Base on Balls
Joe Aitcheson to third
Edgar Martínez to second
Batting: RHB Guilhem Ciaravella 0-0: Called Strike
0-1: Ball
1-1: Ground out 4-3 (Groundball, 4, EV 103.1 MPH)
Top of the 8th over - 3 runs, 3 hits, 0 errors, 3 left on base; Minnesota 6 - Chicago 6
BOTTOM OF THE 8TH
Chicago White Sox batting - Pitching for Minnesota Twins : RHP William Simon
Batting: RHB Luis Villa 0-0: Called Strike
0-1: Ground out 4-3 (Groundball, 34, EV 98.1 MPH)
Batting: RHB Freddy Rodríguez 0-0: Called Strike
0-1: Fly out, F7 (Flyball, 7S, EV 76.3 MPH)
Batting: RHB Wilfred Vásquez 0-0: SINGLE (Line Drive, 78S, EV 100.0 MPH)
Batting: RHB Lee Peterson 0-0: Ball
1-0: Called Strike
Wilfred Vásquez steals 2nd base (no throw)
1-1: Ball
2-1: Ball
3-1: Called Strike
3-2: Strikes out swinging
Bottom of the 8th over - 0 runs, 1 hit, 0 errors, 1 left on base; Minnesota 6 - Chicago 6
TOP OF THE 9TH
Minnesota Twins batting - Pitching for Chicago White Sox : RHP Paco Martínez
Batting: LHB Héctor Trejo 0-0: Ball
1-0: Ball
2-0: Ball
3-0: Base on Balls
Pitching: RHP Jake Thompson
Batting: RHB Ronnie Sanagorski 0-0: Sac Bunt to 3S - play at second, runner safe!
Batting: SHB Norman Fuller 0-0: Ball
1-0: Swinging Strike
1-1: Foul Ball, location: 2F
1-2: Strikes out swinging
Batting: RHB Rafael Díaz 0-0: Foul Ball, location: 2F
0-1: Ball
1-1: Ball
2-1: Fly out, F7 (Flyball, 78D, EV 105.0 MPH)
Batting: RHB Cody Holland 0-0: Called Strike
0-1: Called Strike
0-2: Foul Ball, location: 2F
0-2: Foul Ball, location: 2F
0-2: Ball
1-2: Ball
2-2: Ball
3-2: Strikes out looking
Top of the 9th over - 0 runs, 0 hits, 0 errors, 2 left on base; Minnesota 6 - Chicago 6
BOTTOM OF THE 9TH
Chicago White Sox batting - Pitching for Minnesota Twins : RHP William Simon
Pitching: RHP Bill Martin
Batting: RHB Steve Guindon 0-0: Ball
1-0: Ball
2-0: SINGLE (Groundball, 56D, EV 102.5 MPH)
Batting: RHB Jin-song Xiu 0-0: Called Strike
0-1: Ball
1-1: Ball
2-1: Foul Ball, location: 2F
2-2: Foul Ball, location: 2F
2-2: Foul Ball, location: 2F
2-2: Strikes out swinging
Batting: LHB Harry Casz 0-0: Foul Ball, location: 2F
0-1: Foul Ball, location: 2F
0-2: Ball
1-2: Ball
2-2: Strikes out swinging
Pinch Hitting: LHB Edgar Salazar 0-0: Ball
Steve Guindon is caught stealing 2nd base 2-6
Bottom of the 9th over - 0 runs, 1 hit, 0 errors, 0 left on base; Minnesota 6 - Chicago 6
TOP OF THE 10TH
Minnesota Twins batting - Pitching for Chicago White Sox : RHP Jake Thompson
Now in CF: Edgar Salazar
Batting: LHB Joe Aitcheson 0-0: Foul Ball, location: 2F
0-1: SINGLE (Groundball, 6MD, EV 96.9 MPH)
Batting: RHB Edgar Martínez 0-0: Ball
1-0: Bunt missed!
1-1: Ball
2-1: Bunted foul
2-2: Ball
3-2: Foul Ball, location: 2F
3-2: SINGLE (Groundball, 25, EV 73.8 MPH) (infield hit)
Joe Aitcheson to second
Pitching: RHP Fernando Mendoza
Batting: RHB Josuke Eida 0-0: Foul Ball, location: 2F
0-1: Foul Ball, location: 2F
0-2: DOUBLE (Line Drive, 78D, EV 110.6 MPH)
Joe Aitcheson scores
Edgar Martínez to third
Batting: RHB Guilhem Ciaravella 0-0: Swinging Strike
0-1: Ball
1-1: Ball
2-1: Called Strike
2-2: Fly out, F8 (Flyball, 8RD, EV 93.1 MPH)
Runner from 3rd tags up, OUT at HOME! 8-2
Josuke Eida to third
Batting: LHB Héctor Trejo 0-0: Ball
1-0: Ball
2-0: Foul Ball, location: 2F
2-1: Ground out 1-3 (Groundball, P, EV 83.1 MPH)
Top of the 10th over - 1 run, 3 hits, 0 errors, 1 left on base; Minnesota 7 - Chicago 6
BOTTOM OF THE 10TH
Chicago White Sox batting - Pitching for Minnesota Twins : RHP Bill Martin
Now at 2B: Augusto Torres
Batting: LHB Edgar Salazar 0-0: Called Strike
0-1: Ball
1-1: Ball
2-1: Ball
3-1: Base on Balls
Batting: LHB Iván Otero 0-0: Ball
Edgar Salazar steals 2nd base
1-0: Foul Ball, location: 2F
1-1: Foul Ball, location: 2F
1-2: Fly out, F8 (Flyball, 8LD, EV 83.1 MPH)
Batting: RHB Luis Villa 0-0: SINGLE (Groundball, 6MD, EV 109.4 MPH)
Edgar Salazar to third
Runner from 3rd tries for Home, SAFE, no throw by CF
Batting: RHB Freddy Rodríguez 0-0: Ball
1-0: Called Strike
1-1: SINGLE (Groundball, 23, EV 69.4 MPH) (infield hit)
Luis Villa to second
Pinch Runner at 2nd Vicente Hernández:
Batting: RHB Wilfred Vásquez 0-0: SINGLE (Flyball, 7LS, EV 91.9 MPH)
Vicente Hernández to third
Freddy Rodríguez to second
Pitching: LHP Pancho Escobar
Batting: RHB Lee Peterson 0-0: Called Strike
0-1: SINGLE (Groundball, 6, EV 104.4 MPH) (infield hit)
Vicente Hernández scores
Wednesday, December 18th, 2019 - OOTP Baseball 20.8 Build 73